 Dungeon Crawl Stone Soup version 0.20.0-6-gd3061e9 (webtiles) character file.

24311 dvd the Grappler (level 12, -4/113 HPs)
             Began as a Troll Monk on May 28, 2017.
             Was the Champion of Zin.
             Slain by an orc warrior
             ... wielding a +0 glaive
              (18 damage)
             ... while paralysed by an orc sorcerer
             ... on level 2 of the Orcish Mines.
             The game lasted 00:52:29 (12737 turns).

dvd the Grappler (Troll Monk)                      Turns: 12737, Time: 00:52:32

Health: -4/113     AC:  9    Str: 24    XL:     12   Next: 79%
Magic:  18/18      EV:  1    Int:  6    God:    Zin [******]
Gold:   928        SH:  0    Dex: 14    Spells: 8/11 levels left

rFire    . . .     SeeInvis .     - Unarmed
rCold    . . .     Gourm    +   J - +0 shield
rNeg     . . .     Faith    .   K - +0 troll leather armour
rPois    +         Spirit   .   (helmet restricted)
rElec    .         Reflect  .   (no cloak)
rCorr    .         Harm     .   (gloves unavailable)
MR       .....                  (boots unavailable)
Stlth    ++........             (no amulet)
Regen    1.1/turn               G - +2 ring of protection
MPRegen  0.2/turn               r - ring of poison resistance

@: paralysed, drained
A: unfitting armour, claws 3, fast metabolism 3, gourmand, regeneration 1,
shaggy fur 1, tough skin 2
a: Recite, Vitalisation, Imprison, Sanctuary, Donate Gold, Cure All Mutations,
Renounce Religion


You were on level 2 of the Orcish Mines.
You worshipped Zin.
Zin was exalted by your worship.
You were not hungry.

You visited 4 branches of the dungeon, and saw 17 of its levels.
You also visited: Sewer and Ossuary.

You collected 1312 gold pieces.
You donated 384 gold pieces to Zin.

Inventory:

Missiles
 u - 319 stones
 y - 16 tomahawks (quivered)
 Q - a tomahawk of returning
 R - a javelin
Armour
 B - a +1 robe
 J - a +0 shield (worn)
 K - a +0 troll leather armour (worn)
 N - a +2 robe of magic resistance
Jewellery
 d - an uncursed ring of ice
 h - an uncursed ring of stealth
 m - an uncursed ring of wizardry
 p - an uncursed ring of wizardry
 r - a ring of poison resistance (right claw)
 x - the ring of Birue {Ice SInv}
   (You found it on level 12 of the Dungeon)

   [ring of ice]

   It enhances your ice magic.
   It makes you vulnerable to fire.
   It protects you from cold.
   It lets you see invisible.
 G - a +2 ring of protection (left claw)
 L - a +2 ring of evasion
Wands
 t - a wand of digging (15/24)
 H - a wand of iceblast (0/15)
 M - a wand of digging (3/24)
Scrolls
 c - 5 scrolls of teleportation
 e - 10 scrolls of identify
 k - 9 scrolls of remove curse
 v - 2 scrolls of recharging
 E - 3 scrolls of enchant weapon
 F - 5 scrolls of fog
 I - 3 scrolls of enchant armour
Potions
 a - 2 potions of might
 f - 3 potions of heal wounds
 g - a potion of flight
 i - a potion of magic
 l - 6 potions of curing
 n - 3 potions of resistance
 o - 3 potions of agility
 q - 2 potions of haste
 s - 2 potions of brilliance
 z - a potion of ambrosia
 S - 2 potions of cancellation
Books
 w - a book of Flames

   Spells                             Type                      Level
   a - Flame Tongue                   Conjuration/Fire             1
   b - Throw Flame                    Conjuration/Fire             2
   c - Conjure Flame                  Conjuration/Fire             3
   d - Inner Flame                    Hexes/Fire                   3
   e - Sticky Flame                   Conjuration/Fire             4
   f - Fireball                       Conjuration/Fire             5
 C - a book of Callings

   Spells                             Type                      Level
   a - Summon Small Mammal            Summoning                    1
   b - Call Imp                       Summoning                    2
   c - Call Canine Familiar           Summoning                    3
   d - Summon Guardian Golem          Hexes/Summoning              3
   e - Summon Lightning Spire         Summoning/Air                4
   f - Summon Ice Beast               Ice/Summoning                4
 D - a book of Unlife

   Spells                             Type                      Level
   a - Recall                         Summoning/Translocation      3
   b - Animate Dead                   Necromancy                   4
   c - Control Undead                 Necromancy                   4
   d - Cigotuvi's Embrace             Necromancy                   5
   e - Death Channel                  Necromancy                   6
   f - Simulacrum                     Ice/Necromancy               6
 O - a book of Geomancy

   Spells                             Type                      Level
   a - Sandblast                      Earth                        1
   b - Passwall                       Transmutation/Earth          2
   c - Stone Arrow                    Conjuration/Earth            3
   d - Petrify                        Transmutation/Earth          4
   e - Lee's Rapid Deconstruction     Earth                        5
 P - a book of Minor Magic

   Spells                             Type                      Level
   a - Magic Dart                     Conjuration                  1
   b - Blink                          Translocation                2
   c - Call Imp                       Summoning                    2
   d - Slow                           Hexes                        2
   e - Conjure Flame                  Conjuration/Fire             3
   f - Mephitic Cloud                 Conjuration/Poison/Air       3
Comestibles
 b - 5 bread rations
 j - 21 royal jellies
 A - 4 meat rations


   Skills:
 + Level 5.7(5.2) Fighting
 + Level 5.5(5.1) Throwing
 + Level 4.0(3.6) Armour
 + Level 7.2(6.7) Dodging
 + Level 4.2(3.8) Stealth
 + Level 3.6(3.1) Shields
 + Level 12.3(11.8) Unarmed Combat
 + Level 0.3(0.0) Earth Magic
 * Level 9.9(9.4) Invocations


You had 8 spell levels left.
You knew the following spells:

 Your Spells              Type           Power        Failure   Level  Hunger
a - Sandblast             Erth           #.....       89%         1    ##.....
b - Blink                 Tloc           N/A          96%         2    ###....


Dungeon Overview and Level Annotations

Branches:
Dungeon (12/15)            Temple (1/1) D:6            Lair (2/6) D:9
    Orc (2/2) D:11
  Swamp: Lair:2-4    Shoals: Lair:2-4     Snake: Lair:2-4    Spider: Lair:2-4
    Elf: Orc:2

Altars:
Cheibriados
Dithmenos
Elyvilon
Fedhas
Gozag
Hepliaklqana
Kikubaaqudgha
Makhleb
Nemelex Xobeh
Okawaru
Qazlal
Ru
Sif Muna
Trog
Uskayaw
Vehumet
Xom
Yredelemnul
Zin
The Shining One

Shops:
D:5 ?   D:8 *   D:10 (

Annotations:
Lair:1 exclusion: 3 oklob plants
Orc:2 Erolcha


Innate Abilities, Weirdness & Mutations

You are too large for most types of armour.
You have claws for hands.
Your metabolism is lightning-fast.
You like to eat raw meat.
Your natural rate of healing is unusually fast.
You are covered in fur. (AC +1)
You have very tough skin. (AC +2)


Message History

The orc priest invokes the aid of Beogh against you.
You resist with significant effort. Erolcha hits you with a giant club!
The orc sorcerer gestures at you while chanting.
The bolt of negative energy hits you!
You feel drained.
The orc warrior hits you from afar with a glaive!
The orc priest invokes the aid of Beogh against you.
You resist with significant effort. Erolcha hits you with a giant club!
The orc sorcerer casts a spell at you. You resist with some effort.
The orc priest hits you with a dagger.
The orc warrior hits you but does no damage.
Erolcha hits you with a giant club!!
* * * LOW HITPOINT WARNING * * *
The orc priest hits you but does no damage.
The orc sorcerer gestures wildly while chanting.
The orc priest calls down the wrath of Beogh upon you.
You resist with significant effort. Erolcha hits you with a giant club!
* * * LOW HITPOINT WARNING * * *
The orc warrior hits you from afar with a glaive!!
You die...

...## #....#
##.....## ##
#.......## .o##
.........##(.o#
#.............(
#.......o(.....
......ooO......
##.....@o......
#....4..o....o
...............
...............
.........o.....
#......$.......
.............$.
#..<........o.#


You could see Erolcha, a chaos spawn, an orc sorcerer (blind), 3 orc warriors, 3
orc priests, 2 orc wizards and an orc (mad).

Vanquished Creatures
  2 two-headed ogres
  Sonja (D:12)
  A wizard (D:12)
  5 large abominations (D:12)
  3 ugly things (D:11)
  2 centaur zombies
  5 spiny frogs
  A gargoyle (D:12)
  A komodo dragon (Lair:1)
  A queen bee (Lair:1)
  2 trolls
  A hornet (D:11)
  Grinder (Sewer)
  6 hippogriffs
  4 blink frogs (Lair:1)
  7 small abominations (D:12)
  5 yaks
  2 wyverns
  Grum (Lair:1)
  The ghost of Apogee the Chopper, an amateur HOFi (D:5)
  A hungry ghost (D:10)
  2 wargs (D:11)
  Edmund (D:5)
  8 water moccasins
  5 orc warriors
  3 ice beasts
  2 ogres
  5 phantoms
  8 wolves (Lair:1)
  6 centaurs
  A necrophage (D:11)
  2 crocodiles (Lair:1)
  A sky beast (D:5)
  5 big kobolds
  7 bullfrogs
  A wyvern zombie (D:9)
  4 scorpions
  A water moccasin skeleton (D:7)
  37 killer bees
  9 wights
  5 howler monkeys
  An electric eel (D:12)
  6 crimson imps
  6 hounds
  3 quasits
  2 bullfrog zombies
  4 jellies
  A bullfrog skeleton (D:8)
  6 orc priests
  5 orc wizards
  4 centaur skeletons
  3 iguanas
  11 worker ants
  A killer bee zombie (D:5)
  4 big kobold zombies
  2 hound zombies
  3 hound skeletons
  9 mummies
  2 gnolls (D:1)
  11 adders
  8 shadow imps
  An ooze (D:2)
  5 ufetubi (Sewer)
  2 adder skeletons
  2 adder zombies (Sewer)
  2 dart slugs (D:1)
  3 leopard geckos
  40 orcs
  A ball python (D:4)
  5 giant cockroaches
  7 goblins
  7 hobgoblins
  4 jackals
  33 kobolds
  4 quokkas
  5 bats
  7 frilled lizards
  2 gnoll zombies (Ossuary)
  A hobgoblin zombie (D:6)
  6 kobold zombies
  A leopard gecko skeleton (D:7)
  An orc zombie (Ossuary)
  5 rats
  A pillar of salt (D:11)
  A plant (D:12)
404 creatures vanquished.

Vanquished Creatures (others)
  A big kobold (Sewer)
  An orc (D:12)
  A kobold (Sewer)
  2 fungi (Lair:1)
  2 pillars of salt (D:9)
  2 plants (Lair:1)
9 creatures vanquished.

Grand Total: 413 creatures vanquished

Notes
Turn   | Place    | Note
-------+----------+-------------------------------------------
     0 | D:1      | dvd the Troll Monk began the quest for the Orb.
     0 | D:1      | Reached XP level 1. HP: 22/22 MP: 0/0
   178 | D:1      | Reached XP level 2. HP: 24/29 MP: 1/1
   545 | D:1      | Reached XP level 3. HP: 36/36 MP: 2/2
   941 | D:2      | Reached XP level 4. HP: 44/44 MP: 3/3
   955 | D:2      | Reached skill level 4 in Unarmed Combat
  1236 | D:2      | You fall through a shaft!
  1601 | D:3      | Found a faded altar of an unknown god.
  1607 | D:3      | Became a worshipper of Zin the Law-Giver
  1607 | D:3      | Reached * piety under Zin
  1607 | D:3      | Reached ** piety under Zin
  1607 | D:3      | Reached *** piety under Zin
  1679 | D:3      | Reached XP level 5. HP: 52/52 MP: 4/4
  1942 | D:4      | Reached **** piety under Zin
  1947 | D:4      | Donated 122 gold pieces to Zin
  1972 | D:4      | Reached skill level 1 in Invocations
  2017 | D:4      | Reached XP level 6. HP: 42/59 MP: 6/6
  2067 | D:4      | Reached skill level 5 in Unarmed Combat
  2438 | D:5      | Entered Level 5 of the Dungeon
  2446 | D:5      | Found Nostreqo's Magic Scroll Emporium.
  2446 | D:5      | Noticed a sky beast
  2446 | D:5      | Noticed Apogee's ghost (amateur HOFi)
  2457 | D:5      | Killed a sky beast
  2473 | D:5      | Killed Apogee's ghost
  2473 | D:5      | Reached XP level 7. HP: 55/67 MP: 7/7
  2627 | D:5      | Reached skill level 6 in Unarmed Combat
  2749 | D:5      | Noticed Edmund
  2772 | D:5      | Killed Edmund
  3004 | D:5      | Found a burning altar of Makhleb.
  3086 | D:5      | Reached skill level 1 in Throwing
  3086 | D:5      | Reached skill level 7 in Unarmed Combat
  3086 | D:5      | Reached XP level 8. HP: 72/75 MP: 9/9
  3506 | D:6      | Found a white marble altar of Elyvilon.
  3525 | D:6      | Reached ***** piety under Zin
  3569 | D:6      | Found a sand-covered staircase.
  3577 | Ossuary  | Entered an ossuary
  3708 | Ossuary  | Donated 155 gold pieces to Zin
  3764 | Ossuary  | Reached ****** piety under Zin
  3876 | D:6      | Found a glowing drain.
  3937 | Sewer    | Entered a sewer
  4163 | Sewer    | Found a burning altar of Makhleb.
  4171 | Sewer    | Reached skill level 8 in Unarmed Combat
  4259 | Sewer    | Reached XP level 9. HP: 79/83 MP: 11/11
  4295 | Sewer    | Noticed Grinder
  4306 | Sewer    | Paralysed by Grinder for 7 turns
  4309 | Sewer    | Killed Grinder
  4714 | D:6      | Reached skill level 5 in Invocations
  4757 | D:6      | Found a staircase to the Ecumenical Temple.
  4762 | Temple   | Entered the Ecumenical Temple
  5118 | D:7      | Reached skill level 5 in Dodging
  5118 | D:7      | Reached skill level 9 in Unarmed Combat
  5118 | D:7      | Reached XP level 10. HP: 94/94 MP: 12/14
  6059 | D:8      | Found a hide-covered altar of Uskayaw.
  6121 | D:8      | Found Usos's Assorted Antiques.
  6130 | D:8      | Found an iron altar of Okawaru.
  6435 | D:9      | Found a staircase to the Lair.
  6435 | D:9      | Reached skill level 10 in Unarmed Combat
  6506 | D:9      | Noticed a two-headed ogre
  6769 | D:9      | Killed a two-headed ogre
  6769 | D:9      | Reached skill level 5 in Fighting
  6871 | D:9      | Reached XP level 11. HP: 87/102 MP: 16/16
  7108 | D:10     | Entered Level 10 of the Dungeon
  7366 | D:10     | Found Luce Toe's Weapon Boutique.
  8490 | Lair:1   | Entered Level 1 of the Lair of Beasts
  8661 | Lair:1   | Reached skill level 1 in Shields
  9318 | Lair:1   | Noticed an oklob plant
  9318 | Lair:1   | Noticed an oklob plant
  9318 | Lair:1   | Noticed an oklob plant
  9360 | Lair:1   | Reached skill level 11 in Unarmed Combat
  9475 | Lair:1   | Noticed Grum
  9499 | Lair:1   | Killed Grum
 10060 | Lair:2   | Noticed a seven-headed hydra
 10257 | D:11     | Noticed a red ugly thing
 10270 | D:11     | Reached XP level 12. HP: 108/111 MP: 17/17
 10532 | D:11     | Found a staircase to the Orcish Mines.
 10557 | D:11     | Reached skill level 5 in Throwing
 10772 | D:11     | Learned a level 1 spell: Sandblast
 11366 | D:12     | Noticed Sonja
 11646 | D:12     | Noticed a two-headed ogre
 11698 | D:11     | HP: 2/111 [red ugly thing (15)]
 11906 | D:12     | Killed a two-headed ogre
 11906 | D:12     | Reached skill level 12 in Unarmed Combat
 12272 | D:12     | Got a flickering granite ring
 12274 | D:12     | Identified the ring of Birue {Ice SInv} (You found it on level 12 of the Dungeon)
 12328 | D:12     | Killed Sonja
 12396 | D:12     | Learned a level 2 spell: Blink
 12692 | Orc:1    | Entered Level 1 of the Orcish Mines
 12720 | Orc:2    | Entered Level 2 of the Orcish Mines
 12729 | Orc:2    | Noticed Erolcha
 12731 | Orc:2    | Paralysed by an orc sorcerer for 7 turns
 12737 | Orc:2    | Slain by an orc warrior

Skill      XL: |  1  2  3  4  5  6  7  8  9 10 11 12 |
---------------+-------------------------------------+-----
Dodging        | 3 4 5 6 7 |  7.2
Unarmed Combat | 4 5 7 8 9 10 11 12 | 12.3
Invocations    | 1 2 3 4 7 8 9 |  9.9
Stealth        | 2 3 4 |  4.2
Fighting       | 3 4 5 |  5.7
Throwing       | 1 4 5 |  5.5
Armour         | 3 4 |  4.0
Shields        | 2 3 |  3.6
Earth Magic    | |  0.3

Action                   |  1- 3 |  4- 6 |  7- 9 | 10-12 || total
-------------------------+-------+-------+-------+-------++-------
Melee: Unarmed           |    85 |   103 |   307 |   902 ||  1397
       Punch             |     4 |     3 |     7 |     6 ||    20
Throw: Tomahawk          |       |     2 |    27 |    61 ||    90
       Stone             |       |       |     2 |     1 ||     3
       Javelin           |       |       |       |    44 ||    44
 Cast: Sandblast         |       |       |       |     6 ||     6
Invok: Donate Gold       |       |     1 |     1 |       ||     2
       Recite            |       |     2 |    14 |    19 ||    35
       Vitalisation      |       |       |     1 |     7 ||     8
Evoke: Wand              |       |       |     1 |     2 ||     3
  Use: Scroll            |       |       |    11 |    11 ||    22
       Potion            |       |       |     6 |    12 ||    18
 Stab: Sleeping          |     9 |     4 |    11 |     7 ||    31
       Distracted        |       |     1 |     2 |     2 ||     5
       Confused          |       |       |     3 |     2 ||     5
       Paralysed         |       |       |       |     6 ||     6
       Invisible         |       |       |       |     1 ||     1
  Eat: Chunk             |    13 |    12 |    21 |    56 ||   102
       Royal jelly       |       |       |       |     4 ||     4
       Fruit             |       |       |       |     5 ||     5
       Meat ration       |       |       |       |     1 ||     1
Armor: Robe              |    21 |    23 |   102 |    82 ||   228
       Troll leather arm |       |       |       |   146 ||   146
Dodge: Dodged            |    35 |    52 |   187 |   443 ||   717
Block: Shield            |       |       |       |   303 ||   303
